 Dungeon Crawl Stone Soup version 0.18.1-50-g88ac8fd (webtiles) character file.

92 HolyRage the Ruffian (level 4, -6/44 HPs)
             Began as a Troll Monk on Sept 20, 2016.
             Mangled by Grinder (8 damage)
             ... on level 3 of the Dungeon.
             The game lasted 00:04:28 (2064 turns).

HolyRage the Ruffian (Troll Monk)                   Turns: 2064, Time: 00:04:29

Health: -6/44      AC:  6    Str: 29    XL:     4   Next: 35%
Magic:  3/3        EV: 10    Int:  6    God:
Gold:   119        SH:  0    Dex: 13    Spells: 0 memorised, 3 levels left

rFire  . . .     SeeInvis .       - Unarmed
rCold  . . .     Gourm    +     a - +1 robe
rNeg   . . .     Faith    .     (no shield)
rPois  +         Spirit   .     (helmet restricted)
rElec  .         Dismiss  .     (no cloak)
rCorr  .         Reflect  .     (gloves unavailable)
SustAt .         Harm     .     (boots unavailable)
MR     .....                    (no amulet)
Stlth  +.........               (no ring)
                                j - +5 ring of strength

@: mighty, not resistant to hostile enchantments, very unstealthy
A: unfitting armour, claws 3, fast metabolism 3, gourmand, poison resistance,
regeneration 2, shaggy fur 1, tough skin 2
a: no special abilities


You were on level 3 of the Dungeon.
You were completely stuffed.

You visited 1 branch of the dungeon, and saw 3 of its levels.

You collected 119 gold pieces.

Inventory:

Armour
 a - a +1 robe (worn)
Jewellery
 j - a +5 ring of strength (left claw)
Scrolls
 d - a scroll of identify {unknown}
 g - 2 scrolls of fog
Potions
 c - a potion of might
 e - a potion of beneficial mutation
 h - a potion of flight {unknown}
 i - a potion of curing {unknown}
 o - a potion of ambrosia {unknown}
Comestibles
 b - 3 bread rations
 f - 2 meat rations
 k - 5 chunks of flesh
 m - a fruit


   Skills:
 - Level 2.4 Fighting
 - Level 2.4 Dodging
 - Level 1.1 Stealth
 * Level 5.9 Unarmed Combat


You had 3 spell levels left.
You didn't know any spells.

Dungeon Overview and Level Annotations

Branches:
Dungeon (3/15)

Altars:
Fedhas
Qazlal
Xom

Annotations:
D:3 Grinder


Innate Abilities, Weirdness & Mutations

You are too large for most types of armour.
You have claws for hands.
Your metabolism is lightning-fast.
You like to eat raw meat.
You heal very quickly.
You are covered in fur (AC +1).
You have very tough skin (AC +2).
Your system is resistant to poisons.


Message History

* * * LOW HITPOINT WARNING * * *
You writhe in agony.
* * * LOW HITPOINT WARNING * * *
The quokka bites you but does no damage.
The quokka bites you.
* * * LOW HITPOINT WARNING * * *
Grinder gestures at you. You resist with significant effort.
You can move again.
Drink which item? (? for menu, Esc to quit)
It was a potion of beneficial mutation.
You feel resistant to poisons.
You feel fantastic! The quokka bites you.
* * * LOW HITPOINT WARNING * * *
Grinder barely misses you.
You claw Grinder!
Grinder is heavily wounded.
The quokka bites you but does no damage.
Grinder hits you!
You die...

.....#....#... #
.....##.#...# .##
....###.##..# #...
........#...# ...# .
###.......#.## ##.#.# ..
###.##.....###..#.#...
####..#..........(...<.
....$................#..
######..†####..†@r......
#............5......
#......###..........
#......# #####......
#......# ...... ........
...... #......... .....
#####


You could see Grinder and a quokka.

Vanquished Creatures
  Ijyb (D:3)
  2 adders
  2 dart slugs (D:1)
  A giant gecko (D:3)
  An orc (D:3)
  A ball python (D:2)
  4 giant cockroaches
  3 goblins (D:2)
  9 hobgoblins
  A quokka (D:3)
  3 bats
  2 giant newts (D:1)
  3 kobolds
  8 rats
41 creatures vanquished.

Notes
Turn   | Place    | Note
--------------------------------------------------------------
     0 | D:1      | HolyRage the Troll Monk began the quest for the Orb.
     0 | D:1      | Reached XP level 1. HP: 22/22 MP: 0/0
   292 | D:1      | Reached XP level 2. HP: 29/29 MP: 1/1
   894 | D:2      | Found a blossoming altar of Fedhas.
   894 | D:2      | Found a stormy altar of Qazlal.
  1400 | D:2      | Found a shimmering altar of Xom.
  1488 | D:2      | Reached skill level 5 in Unarmed Combat
  1561 | D:2      | Reached XP level 3. HP: 36/36 MP: 2/2
  1981 | D:3      | Noticed Ijyb
  1996 | D:3      | Killed Ijyb
  1996 | D:3      | Reached XP level 4. HP: 38/44 MP: 3/3
  2044 | D:3      | Noticed Grinder
  2050 | D:3      | Paralysed by Grinder for 2 turns
  2059 | D:3      | Paralysed by Grinder for 4 turns
  2062 | D:3      | HP: 2/44 [quokka (4)]
  2063 | D:3      | Gained mutation: Your system is resistant to poisons. [potion of beneficial mutation]
  2064 | D:3      | Mangled by Grinder

Skill      XL: |  1  2 |
---------------+-------+-----
Unarmed Combat | 5 |  5.9
Fighting       | |  2.4
Dodging        | |  2.4
Stealth        | |  1.1

Action                   |  1- 3 |  4- 6 || total
-------------------------+-------+-------++-------
Melee: Unarmed           |    93 |    13 ||   106
       Punch             |     2 |       ||     2
  Use: Scroll            |     6 |       ||     6
       Potion            |       |     2 ||     2
 Stab: Sleeping          |     3 |       ||     3
  Eat: Chunk             |    23 |     1 ||    24
Armor: Robe              |    25 |     9 ||    34
Dodge: Dodged            |    26 |     7 ||    33
